 Dungeon Crawl Stone Soup version 0.14-a0-1519-gc5e2f7f (webtiles) character file.

797 M4edhros the Grave Robber (level 7, -1/36 HPs)
             Began as an Octopode Necromancer on Dec 16, 2013.
             Was a Follower of Fedhas.
             Slain by a giant newt (2 damage)
             ... in a sewer.
             The game lasted 00:13:06 (3457 turns).

M4edhros the Grave Robber (Octopode Necromancer)    Turns: 3457, Time: 00:13:07

HP  -1/36        AC  5     Str 12      XL: 7   Next: 38%
MP  15/15        EV 13     Int 20      God: Fedhas [*.....]
Gold 209         SH  0     Dex 12      Spells:  3 memorised,  6 levels left

rFire  . . .     SeeInvis .     a - +0 short sword
rCold  . . .     Clarity  .     (no shield)
rNeg   . . .     Conserve .     (helmet restricted)
rPois  .         rCorr    .     (no amulet)
rElec  .         rRot     .     i - ring of regeneration
SustAb . .       Spirit   .     n - +4 ring of protection
rMut   .         Warding  .     (no ring)
Saprov . . .     Stasis   .     (no ring)
                                (no ring)
                                (no ring)
                                (no ring)
                                (no ring)

@: mighty, constricted, slightly resistant to hostile enchantments, very
stealthy
A: almost no armour, amphibious, 8 rings, constrict 8, camouflage 1, blurry
vision 1, frail 1, gelatinous body 1
a: Evolution, Renounce Religion


You were in a sewer.
You worshipped Fedhas.
Fedhas was aware of your devotion.
You were very hungry.

You visited 2 branches of the dungeon, and saw 7 of its levels.
You also visited: Sewer.

You collected 209 gold pieces.

Inventory:

Hand weapons
 a - a +0,+0 short sword (weapon)
 s - a +0,+0 longbow
 t - a +0,+0 sling
Missiles
 d - 142 stones (quivered)
 v - a throwing net
Comestibles
 c - 6 bread rations
 m - 3 meat rations
Scrolls
 f - 3 scrolls of magic mapping
 h - 5 scrolls of identify
 k - 2 scrolls of teleportation
 l - 4 scrolls of fog
 p - a scroll of recharging
 q - a scroll of immolation
Jewellery
 i - a ring of regeneration (left tentacle)
 n - a +4 ring of protection (right tentacle)
 o - an uncursed ring of teleportation
Potions
 g - a potion of magic {unknown}
 j - a potion of might
 r - a potion of restore abilities
Books
 b - a book of Necromancy

   Spells                             Type                      Level
   *Pain                              Necromancy                   1
   Animate Skeleton                   Necromancy                   1
   Lethal Infusion                    Charms/Necromancy            2
   *Vampiric Draining                 Necromancy                   3
   *Regeneration                      Charms/Necromancy            3
   Animate Dead                       Necromancy                   4
   Control Undead                     Necromancy                   4


   Skills:
 * Level 3.2 Bows
 + Level 3.8 Dodging
 - Level 2.6 Stealth
 + Level 3.6 Spellcasting
 + Level 2.3 Charms
 + Level 5.5 Necromancy
 * Level 1.2 Invocations


You had 6 spell levels left.
You knew the following spells:

 Your Spells              Type           Power        Failure   Level  Hunger
a - Pain                  Necr           ####         1%          1    None
b - Regeneration          Chrm/Necr      ###.......   10%         3    ###....
c - Vampiric Draining     Necr           ####......   6%          3    ###....


Dungeon Overview and Level Annotations

Branches:
Dungeon (6/16)             Temple (1/1) D:6

Altars:
Ashenzari
Cheibriados
Elyvilon
Fedhas
Kikubaaqudgha
Nemelex Xobeh
Okawaru
Sif Muna
Trog
Vehumet
Xom
the Shining One

Portals:
Ziggurat: D:6 (4760 gp)

Annotations:
D:3 Sigmund
D:4 Pikel


Innate Abilities, Weirdness & Mutations

You cannot wear most types of armour.
You are amphibious.
You can wear up to eight rings at the same time.
You can use your tentacles to constrict many enemies at once.
Your skin changes colour to match your surroundings (Stlth).
Your rubbery body absorbs attacks (AC +1).
Your vision is a little blurry.
You are frail (-10% HP).


Message History

* * * LOW HITPOINT WARNING * * *
The ball python bites you but does no damage.
The ball python constricts you. The ball python barely misses you.
Unknown command.
You slash the ball python!
You kill the ball python!
The giant newt closely misses you. The ball python barely misses you.
The ball python constricts you. The ball python bites you.
* * * LOW HITPOINT WARNING * * *
Unknown command.
Unknown command.
Unknown command.
You slash the ball python!
You kill the ball python!
* * * LOW HITPOINT WARNING * * *
You feel sick.
You feel better. The giant newt bites you.
You die...
Fedhas appreciates your contribution to the ecosystem.

#≈≈≈≈≈≈#
#≈≈≈≈≈≈#
#≈≈≈≈≈≈#
#≈≈f≈≈≈#
#≈≈≈≈≈≈#
#≈≈%%≈≈#
#≈≈≈≈≈≈#
#≈%≈ff≈#
#≈≈≈≈≈≈#
#≈≈f)..#
#≈≈≈≈≈≈#
#≈≈...≈#
#≈≈≈≈≈≈#
#≈≈≈.≈≈#
#≈≈≈≈≈≈#
#≈≈≈≈≈≈#
#≈≈≈≈S@#
#≈≈≈≈≈≈#
#≈≈≈≈l%#
#≈≈≈≈≈≈#
#≈≈≈≈≈≈#
#≈≈≈≈≈≈#
#≈≈≈≈≈≈#
#≈≈≈≈≈≈#
#≈≈≈≈≈≈#
#≈≈≈≈≈≈#
#≈≈≈≈%≈#
#≈≈≈≈≈≈##
#≈≈≈≈≈.#
#≈...≈≈##
#......#
#......##
#......#
##......#


You could see a ball python and a giant newt.

Vanquished Creatures
  The ghost of Torious the Caller, an average DESu of Sif Muna (Sewer)
  3 giant frogs
  A crimson imp (D:5)
  A worker ant (D:3)
  A crocodile skeleton (D:5)
  8 adders
  A giant mite (D:1)
  2 green rats (D:3)
  A worm (D:6)
  17 grey rats (Sewer)
  A giant eyeball (D:6)
  2 oozes
  5 orcs
  7 giant cockroaches
  7 hobgoblins
  2 jackals (D:1)
  4 kobolds
  2 quokkas
  11 ball pythons
  5 bats
  5 giant geckos
  10 giant newts
  8 goblins
  21 rats
126 creatures vanquished.

Vanquished Creatures (others)
  26 toadstools
26 creatures vanquished.

Grand Total: 152 creatures vanquished

Notes
Turn   | Place    | Note
--------------------------------------------------------------
     0 | D:1      | M4edhros, the Octopode Necromancer, began the quest for the Orb.
     0 | D:1      | Reached XP level 1. HP: 11/11 MP: 3/3
    13 | D:1      | Reached XP level 2. HP: 9/17 MP: 4/4
   869 | D:1      | Reached XP level 3. HP: 12/21 MP: 6/6
  1082 | D:1      | Learned a level 3 spell: Regeneration
  1383 | D:2      | Learned a level 3 spell: Vampiric Draining
  1455 | D:2      | Gained mutation: You are frail (-10% HP). [potion of mutation]
  1455 | D:2      | Gained mutation: Your vision is a little blurry. [potion of mutation]
  1620 | D:2      | Reached XP level 4. HP: 22/24 MP: 8/8
  1889 | D:3      | Noticed Sigmund
  1999 | D:3      | You fall through a shaft for 3 floors!
  2010 | D:6      | Reached skill level 1 in Charms
  2020 | D:6      | Got a shimmering whip
  2021 | D:6      | Identified the cursed +2,-2 whip of Kuinauh {slash, rF+} (You found it on level 6 of the Dungeon)
  2038 | D:6      | Paralysed by a potion of paralysis for 5 turns
  2050 | D:6      | Noticed a centaur
  2096 | D:6      | Found a staircase to the Ecumenical Temple.
  2101 | Temple   | Entered the Ecumenical Temple
  2241 | Temple   | Became a worshipper of Fedhas Madash
  2315 | D:6      | Found a gateway to a ziggurat.
  2316 | D:6      | Noticed an angel
  2436 | D:6      | Noticed an orc warrior
  2465 | D:6      | Noticed a giant frog
  2481 | D:5      | Entered Level 5 of the Dungeon
  2485 | D:5      | Killed a giant frog
  2485 | D:5      | Reached skill level 1 in Bows
  2485 | D:5      | Reached XP level 5. HP: 20/27 MP: 9/11
  2629 | D:5      | Found a bloodstained altar of Trog.
  2642 | D:5      | HP: 1/27 [crocodile skeleton (9)]
  2652 | D:5      | Reached skill level 5 in Necromancy
  2781 | D:4      | Noticed an ogre
  2783 | D:4      | Noticed a slave
  2784 | D:4      | Noticed Pikel
  2785 | D:4      | Noticed a slave
  2787 | D:4      | Noticed a slave
  2787 | D:4      | Noticed a slave
  2797 | D:3      | Reached XP level 6. HP: 28/32 MP: 10/13
  3067 | D:3      | Found a glowing drain.
  3071 | Sewer    | Entered a sewer
  3203 | Sewer    | Noticed Torious' ghost (average DESu)
  3246 | Sewer    | Killed Torious' ghost
  3367 | Sewer    | Acquired Fedhas' first power
  3388 | Sewer    | Reached XP level 7. HP: 31/36 MP: 15/15
  3448 | Sewer    | Reached skill level 1 in Invocations
  3457 | Sewer    | HP: 1/36 [poisoned by an adder]
  3457 | Sewer    | Slain by a giant newt

Action                   |  1- 3 |  4- 6 |  7- 9 || total
-------------------------+-------+-------+-------++-------
Melee: Unarmed           |    82 |       |       ||    82
       Short sword       |    21 |   248 |    24 ||   293
 Cast: Pain              |       |     6 |       ||     6
       Regeneration      |       |     7 |     1 ||     8
  Use: Potion            |     4 |     7 |     2 ||    13
       Scroll            |     3 |     5 |       ||     8
 Stab: Sleeping          |     4 |    13 |       ||    17
